 Dungeon Crawl Stone Soup version 0.29-a0-451-gfbfa42419e (webtiles) character file.

Game seed: 15421095495832055834

963 dabmancer the Conjurer (level 7, -9/51 HPs)
             Began as a Demigod Conjurer on May 19, 2022.
             Mangled by an orc warrior
             ... wielding a +3 trident
              (15 damage)
             ... on level 6 of the Dungeon on May 20, 2022.
             The game lasted 00:46:23 (5418 turns).

dabmancer the Conjurer (Demigod Conjurer)           Turns: 5418, Time: 00:46:23

Health: -9/51      AC: 10    Str:  8    XL:     7   Next: 61%
Magic:  1/18       EV: 12    Int: 28    God:
Gold:   315        SH:  0    Dex: 12    Spells: 8/16 levels left

rFire   + . .      SeeInvis .   L - +3 flail (drain)
rCold   . . .      Faith    .   (no shield)
rNeg    . . .      Spirit   .   z - +2 robe {rC+}
rPois   .          Reflect  .   t - +0 helmet
rElec   .          Harm     .   g - +0 cloak
rCorr   .          Rampage  .   (no gloves)
Will    .....                   (no boots)
Stlth   ++........              (no amulet)
HPRegen 0.17/turn               c - +4 ring of protection
MPRegen 0.16/turn               D - ring of fire

@: no status effects
A: high MP 1, forlorn, divine attributes
a: no special abilities


You were on level 6 of the Dungeon.
You visited 1 branch of the dungeon, and saw 7 of its levels.

You collected 345 gold pieces.
You spent 30 gold pieces at shops.

Inventory:

Hand Weapons
 b - a +0 giant spiked club
 d - a +0 hunting sling
 k - a +1 whip of freezing
 l - a +0 spear
 m - a +0 giant club
 y - a +0 scythe
 E - a +0 hunting sling of freezing
 F - a +0 war axe
 H - a +0 morningstar
 L - a +3 flail of draining (weapon)
Missiles
 f - 88 stones (quivered)
Armour
 a - a +0 robe
 g - a +0 cloak (worn)
 j - a +0 scale mail
 t - a +0 helmet (worn)
 z - a +2 robe of cold resistance (worn)
Magical Staves
 I - a staff of cold
Jewellery
 c - a +4 ring of protection (left hand)
 u - an amulet of guardian spirit
 D - a ring of fire (right hand)
 J - the ring of Takh {rElec Slay+4}
   (You found it on level 4 of the Dungeon)

   [ring of slaying]

   Slay:      It affects your accuracy & damage with ranged weapons and melee
   (+4).
   rElec:     It insulates you from electricity.
 K - an amulet of the acrobat
 O - a ring of protection from cold
Wands
 w - a wand of digging (1)
Scrolls
 h - 2 scrolls of fog
 i - a scroll of enchant weapon {unknown}
 n - 3 scrolls of identify
 p - a scroll of noise {unknown}
 q - 2 scrolls of magic mapping {unknown}
 s - a scroll of teleportation {unknown}
 v - a scroll of acquirement {unknown}
 x - a scroll of silence {unknown}
 A - 2 scrolls of brand weapon {unknown}
 B - a scroll of amnesia {unknown}
 G - a scroll of fear {unknown}
Potions
 e - a potion of degeneration {unknown}
 r - 2 potions of mutation
 C - a potion of attraction {unknown}
 M - 2 potions of lignification {unknown}


   Skills:
 + Level 0.5 Fighting
 + Level 0.6 Maces & Flails
 + Level 2.5 Dodging
 + Level 3.4 Stealth
 + Level 5.2 Spellcasting
 + Level 6.3 Conjurations


You had 8 spell levels left.
You knew the following spells:

 Your Spells              Type           Power      Damage    Failure   Level
a - Magic Dart            Conj           100%       1d8       1%          1
b - Searing Ray           Conj           84%        2d7       1%          2
c - Sublimation of Blood  Necr           7%         N/A       10%         2
d - Vampiric Draining     Necr           7%         2d6       19%         3

Your spell library contained the following spells:

 Spells                   Type           Power      Damage    Failure   Level
 Dazzling Flash           Conj/Hex       50%        N/A       5%          3
 Fulminant Prism          Conj/Hex       12%        3d9       19%         4
 Iskenderun's Mystic Bla  Conj/Tloc      25%        2d7       19%         4
 Simulacrum               Ice/Necr       3%         N/A       100%        6
 Necromutation            Tmut/Necr      3%         N/A       100%        8


Dungeon Overview and Level Annotations

Branches:
Dungeon (7/15)
 Temple: D:4-7

Shops:
D:1 !   D:3 :


Innate Abilities, Weirdness & Mutations

You have an increased reservoir of magic. (+10% MP)
You shall have no god before yourself.
Your divine heritage dramatically boosts your attributes as you level up.


Message History

You see here 16 gold pieces.
The orc warrior hits you from afar with a +3 trident!
* * * LOW HITPOINT WARNING * * *
You feel better.
The orc warrior hits you from afar with a +3 trident!
* * * LOW HITPOINT WARNING * * *
Casting: Magic Dart (safe; 1% risk of failure)
Confirm with . or Enter, or press ? or * to list all spells.
Okay, then.
You feel much better. The orc warrior barely misses you.
Casting: Magic Dart (safe; 1% risk of failure)
Confirm with . or Enter, or press ? or * to list all spells.
Aiming: Searing Ray (safe; 1% risk of failure)
Press: ? - help, Shift-Dir - straight line, f/p - orc warrior
Aim: an orc warrior, wielding a +3 trident and wearing a +0 chain mail (heavily wounded, 80% to hit)
The searing ray hits the orc warrior but does no damage.
The orc warrior is heavily wounded. (Press . to maintain the ray.)
The orc warrior misses you.
Without enough magic to sustain it, your searing ray dissipates.
The orc warrior closely misses you.
d - a +0 hunting sling (weapon)
You shoot a sling bullet.
The sling bullet closely misses the orc warrior.
The orc warrior hits you from afar with a +3 trident.
The orc warrior hits you from afar with a +3 trident!
* * * LOW HITPOINT WARNING * * *
You sense an unholy aura.
L - a +3 flail of draining (weapon)
The orc warrior hits you with a +3 trident.
* * * LOW HITPOINT WARNING * * *
You hit the orc warrior but do no damage.
You drain the orc warrior.
The orc warrior is heavily wounded.
The orc warrior barely misses you.
You barely miss the orc warrior.
The orc warrior is heavily wounded.
The orc warrior barely misses you.
The orc warrior hits you with a +3 trident!
You die...

## #######
..###
##§§§..#.....#
##§§§o@§.......
#§§§§§§........
#§§§.§.........
#§§§...........
#.§§...........
#))............
#>)............
##.............
##....$..


You could see an orc warrior (drained).

Vanquished Creatures
  Sigmund (D:3)
  A black bear (D:5)
  2 ogres
  2 scorpions (D:4)
  A howler monkey (D:5)
  2 hounds (D:4)
  4 iguanas (D:5)
  2 orc wizards (D:4)
  4 adders
  2 shadow imps
  5 worms
  3 dart slugs
  12 orcs
  4 ball pythons
  7 endoplasms
  9 giant cockroaches
  8 goblins
  6 hobgoblins
  6 jackals
  2 quokkas
  5 bats
  2 frilled lizards (D:2)
  6 kobolds
  4 rats
100 creatures vanquished.

Vanquished Creatures (others)
  5 plants (D:3)
5 creatures vanquished.

Grand Total: 105 creatures vanquished

Notes
Turn   | Place    | Note
-------+----------+-------------------------------------------
     0 | D:1      | dabmancer the Demigod Conjurer began the quest for the Orb.
     0 | D:1      | Reached XP level 1. HP: 14/14 MP: 5/5
   214 | D:1      | Reached skill level 4 in Conjurations
   265 | D:1      | Reached XP level 2. HP: 20/20 MP: 4/7
   630 | D:1      | Found Meodoima's Distillery.
   965 | D:1      | Got the Almanac of Evil
   969 | D:1      | Learned a level 2 spell: Searing Ray
  1041 | D:1      | Bought a potion of curing for 30 gold pieces
  1220 | D:2      | Reached XP level 3. HP: 26/26 MP: 4/8
  1509 | D:2      | Learned a level 2 spell: Sublimation of Blood
  2140 | D:3      | Noticed Sigmund
  2167 | D:3      | Killed Sigmund
  2168 | D:3      | Reached skill level 5 in Conjurations
  2168 | D:3      | Reached XP level 4. HP: 17/33 MP: 4/11
  2168 | D:3      | Reached XP level 5. HP: 20/38 MP: 4/12
  2540 | D:3      | Noticed a cacodemon
  2969 | D:3      | Found Peog's Book Shop.
  3650 | D:4      | Reached XP level 6. HP: 44/45 MP: 8/14
  4107 | D:3      | You fall into a shaft and drop 2 floors!
  4107 | D:5      | Entered Level 5 of the Dungeon
  4339 | D:5      | Reached XP level 7. HP: 50/50 MP: 4/17
  4428 | D:4      | Reached skill level 5 in Spellcasting
  4428 | D:4      | Reached skill level 6 in Conjurations
  4633 | D:4      | Learned a level 3 spell: Vampiric Draining
  4677 | D:4      | Identified the ring of Takh {rElec Slay+4}
  5319 | D:5      | You fall into a shaft and drop 2 floors!
  5351 | D:7      | Noticed a hornet
  5418 | D:6      | Mangled by an orc warrior

Illustrated notes

Levels and vault maps discovered:
D:1:      dpeg_arrival_tiny_i, layout_loops_cross, serial_shops,
          nicolae_shop_window_shopping, hellmonk_ecumenical_altar_arch_garden,
          minmay_worlds_worst_comb
D:2:      layout_basic
D:3:      layout_loops_ring, grunt_qazlal_sundering, makhleb_altar_promises_db,
          serial_shops, nicolae_shop_crystal, serial_bayou_lake_a, uniq_sigmund
D:4:      layout_basic
D:5:      layout_basic, mainiacjoe_overflow_small_starburst
D:6:      layout_rooms, minmay_temple_entry_hall, gammafunk_ghost_arena,
          kennysheep_another_room
D:7:      layout_rooms, general_overflow_altar, minmay_misc_feat_square,
          nicolae_figureground_sparkle, uniq_maggie

Skill      XL: |  1  2  3  4  5  6  7 |
---------------+----------------------+-----
Conjurations   | 4 5 6 |  6.3
Spellcasting   | 2 3 4 5 |  5.2
Dodging        | 2 |  2.5
Stealth        | 2 3 |  3.4
Fighting       | |  0.5
Maces & Flails | |  0.6

Action                   |  1- 3 |  4- 6 |  7- 9 || total
-------------------------+-------+-------+-------++-------
Melee: Dagger            |     2 |       |       ||     2
       Whip              |    19 |    10 |       ||    29
       Staff             |       |       |     4 ||     4
       Flail             |       |       |     2 ||     2
 Fire: Hunting sling     |       |       |     1 ||     1
 Cast: Magic Dart        |    89 |    61 |    28 ||   178
       Searing Ray       |     2 |    16 |    15 ||    33
       Vampiric Draining |       |       |     6 ||     6
  Use: Scroll            |     2 |     5 |     1 ||     8
       Potion            |     1 |       |     8 ||     9
 Stab: Sleeping          |       |     1 |       ||     1
Armor: Robe              |    13 |     7 |    20 ||    40
Dodge: Dodged            |    14 |     7 |    48 ||    69

Table legend: (Time is in decaauts)
 A = Elapsed time spent in this place.
 B = Non-inter-level travel time spent in this place.
 C = Inter-level travel time spent in this place.
 D = Time resting spent in this place.
 E = Time spent auto-exploring this place.
 F = Levels seen in this place.
 G = Mean time per level.
                   A        B        C        D        E       F      G
               +--------+--------+--------+--------+--------+-----+--------+
         Total |   5459 |   5376 |     83 |    785 |   3459 |   7 |  779.9 |
       Dungeon |   5459 |   5376 |     83 |    785 |   3459 |   7 |  779.9 |
               +--------+--------+--------+--------+--------+-----+--------+

Top non-repeatable levels by time:
     D:3: 1482 daAuts
     D:4: 1303 daAuts
     D:1: 1072 daAuts
     D:2: 859 daAuts
     D:5: 643 daAuts
     D:7: 62 daAuts
     D:6: 35 daAuts
